 Dungeon Crawl Stone Soup version 0.23-a0-398-g8eab93f (webtiles) character file.

368 RonnieColeman the Magician (level 6, 0/48 HPs)
             Began as a Deep Elf Conjurer on Nov 3, 2018.
             Succumbed to a scorpion's poison
             ... on level 4 of the Dungeon.
             The game lasted 00:13:38 (3082 turns).

RonnieColeman the Magician (Deep Elf Conjurer)      Turns: 3082, Time: 00:13:38

Health: 0/48       AC:  5    Str: 10    XL:     6   Next: 41%
Magic:  18/18      EV: 18    Int: 22    God:
Gold:   243        SH:  4    Dex: 20    Spells: 14/19 levels left

rFire    . . .     SeeInvis .   r - +0 spear
rCold    . . .     Gourm    .   (no shield)
rNeg     . . .     Faith    .   a - +0 robe
rPois    .         Spirit   .   (no helmet)
rElec    .         Reflect  +   (no cloak)
rCorr    .         Harm     .   (no gloves)
MR       .....                  (no boots)
Stlth    ..........             d - +4 amulet of reflection
HPRegen  0.16/turn              l - +3 ring of protection
MPRegen  0.16/turn              (no ring)

@: agile, berserking (expiring), lethally poisoned (0 -> -7), starving, very
quick
A: no striking features
a: no special abilities


You were on level 4 of the Dungeon.
You were starving.

You visited 1 branch of the dungeon, and saw 4 of its levels.

You collected 243 gold pieces.

Inventory:

Hand Weapons
 r - a +0 spear (weapon)
Armour
 a - a +0 robe (worn)
Jewellery
 d - a +4 amulet of reflection (around neck)
 l - a +3 ring of protection (left hand)
 w - an uncursed ring of flight {unknown}
Wands
 o - a wand of random effects (17)
Scrolls
 f - a scroll of remove curse
 i - 2 scrolls of magic mapping {unknown}
 k - a scroll of immolation {unknown}
 m - 3 scrolls of teleportation {unknown}
 p - 2 scrolls of blinking {unknown}
 u - a scroll of fear {unknown}
 v - 2 scrolls of identify {unknown}
Potions
 e - a potion of agility
 h - a potion of brilliance {unknown}
 j - 4 potions of curing {unknown}
 n - 2 potions of flight {unknown}
 q - a potion of might {unknown}
 s - 2 potions of heal wounds
 t - a potion of mutation {unknown}
 x - a potion of resistance {unknown}
Comestibles
 c - 7 rations


   Skills:
 - Level 2.4 Dodging
 - Level 2.4 Stealth
 + Level 7.1 Spellcasting
 * Level 6.5 Conjurations


You had 14 spell levels left.
You knew the following spells:

 Your Spells              Type           Power        Failure   Level  Hunger
a - Magic Dart            Conj           ####         1%          1    None
c - Iskenderun's Mystic   Conj           #####...     5%          4    ###....

Your spell library contained the following spells:

 Spells                   Type           Power        Failure   Level  Hunger
 Searing Ray              Conj           #####.       1%          2    None
 Dazzling Spray           Conj/Hex       ###...       6%          3    None
 Confusing Touch          Hex            #.....       9%          1    None
 Force Lance              Conj/Tloc      ###.....     22%         4    ###....
 Fulminant Prism          Conj/Hex       ###.......   22%         4    ###....
 Confuse                  Hex            #.......     24%         3    None
 Gell's Gravitas          Tloc           #.........   24%         3    None
 Petrify                  Tmut/Erth      #.......     63%         4    ###....
 Metabolic Englaciation   Hex/Ice        #.........   92%         5    #####..
 Yara's Violent Unravell  Hex/Tmut       #.........   92%         5    #####..


Dungeon Overview and Level Annotations

Branches:
Dungeon (4/15)
 Temple: D:4-7

Altars:
Ashenzari
Elyvilon
Trog


Message History

You are lethally poisoned!
The scorpion poisons you!
* * * LOW HITPOINT WARNING * * *
You feel sick.
It was a potion of agility.
You feel agile all of a sudden.
* * * LOW HITPOINT WARNING * * *
You feel sick. The scorpion completely misses you.
It was a potion of berserk rage.
A red film seems to cover your vision as you go berserk!
You feel yourself moving faster!
You feel mighty!
* * * LOW HITPOINT WARNING * * *
You feel sick. The iguana completely misses you.
The scorpion completely misses you.
You feel a strong urge to attack something.
* * * LOW HITPOINT WARNING * * *
You feel sick. The adder skeleton misses you.
You completely miss the adder skeleton.
You die...

#.### ####### #...# ##.....##
###.######### ##.......##
########.......... #....>....#
#...§..##########. #.8.....8.#
#.§§§§§# #. ##.........# #§.§§§§#
#. #.)..8.8...# #..§§§§# ##
##..........####@l.§§§###########
....8.....8....Z).s§§§§§§§.......
###..SZ<....##################...
...#..s....## #.## ...##.....##
#.# #... ....############# #.#
#.#### ..(....##.......####.#
#..... ....)(................
.....## .......##.......# #.# ###


You could see a scorpion, an iguana and an adder skeleton.

Vanquished Creatures
  An ogre (D:4)
  A hound (D:4)
  Jessica (D:2)
  Natasha (thrice) (D:2)
  4 gnolls (D:4)
  5 adders
  A leopard gecko (D:2)
  An orc (D:3)
  11 bats
  4 giant cockroaches
  12 hobgoblins
  2 frilled lizards
  7 goblins
  10 kobolds
  A quokka skeleton (D:4)
  9 rats
73 creatures vanquished.

Notes
Turn   | Place    | Note
-------+----------+-------------------------------------------
     0 | D:1      | RonnieColeman the Deep Elf Conjurer began the quest for the
                  | Orb.
     0 | D:1      | Reached XP level 1. HP: 10/10 MP: 6/6
   100 | D:1      | Reached XP level 2. HP: 15/15 MP: 2/8
   279 | D:1      | Reached skill level 4 in Spellcasting
   762 | D:2      | Noticed Jessica
   852 | D:2      | Noticed Natasha
   854 | D:2      | Noticed a crimson imp
   866 | D:2      | Killed Natasha
   866 | D:2      | Reached XP level 3. HP: 10/19 MP: 0/11
  1000 | D:2      | Noticed Natasha
  1006 | D:2      | Killed Natasha
  1006 | D:2      | Reached skill level 5 in Spellcasting
  1006 | D:2      | Reached skill level 5 in Conjurations
  1006 | D:2      | Reached XP level 4. HP: 17/24 MP: 3/13
  1158 | D:2      | Noticed Natasha
  1164 | D:2      | Killed Natasha
  1170 | D:2      | Learned a level 4 spell: Iskenderun's Mystic Blast
  1306 | D:2      | Reached skill level 6 in Spellcasting
  1356 | D:2      | Killed Jessica
  1356 | D:2      | Reached XP level 5. HP: 28/28 MP: 10/15
  1790 | D:3      | Found a shattered altar of Ashenzari.
  2073 | D:3      | Found a white marble altar of Elyvilon.
  2119 | D:3      | Found a faded altar of an unknown god.
  2479 | D:4      | Noticed an ogre
  2488 | D:4      | Killed an ogre
  2488 | D:4      | Reached XP level 6. HP: 32/32 MP: 0/17
  2795 | D:4      | Reached skill level 7 in Spellcasting
  3009 | D:4      | Found a bloodstained altar of Trog.
  3079 | D:4      | HP: 2/48 [poisoned by a scorpion]
  3082 | D:4      | Succumbed to a scorpion's poison

Vault maps used:
D:1:      matt_arrival_spirals, chequers_serial_rivers_room_b
D:2:      minmay_pentomino_t4, uniq_jessica, uniq_natasha
D:3:      cheibrodos_ashenzari_chains, first_ration,
          chequers_ecumenical_altar_lobes, elyvilon_altar_3
D:4:      grunt_ministairs_10, st_stairs_8, nrook_loot_triangle, bloody_trog

Skill      XL: |  1  2  3  4  5  6 |
---------------+-------------------+-----
Spellcasting   | 4 5 6 7 |  7.1
Conjurations   | 5 6 |  6.5
Dodging        | |  2.4
Stealth        | |  2.4

Action                   |  1- 3 |  4- 6 || total
-------------------------+-------+-------++-------
Melee: Dagger            |     2 |       ||     2
       Spear             |       |     5 ||     5
 Cast: Magic Dart        |    54 |   102 ||   156
       Iskenderun's Myst |       |     7 ||     7
  Use: Scroll            |       |     2 ||     2
       Potion            |       |     2 ||     2
  Eat: Chunk             |       |     5 ||     5
Armor: Robe              |     1 |     4 ||     5
Dodge: Dodged            |     5 |    22 ||    27
Block: Other             |     2 |     3 ||     5

Table legend:
 A = Non-vault XP
 B = Vault XP
 C = Vault XP percentage of total XP
 D = Non-vault monster count
 E = Vault monster count
 F = Vault count percentage of total count
                 A         B        C        D         E       F
            +---------+---------+-------+---------+---------+-------
      Total |     326 |     201 |  38.1 |      68 |       5 |   6.8
            +---------+---------+-------+---------+---------+-------
        D:1 |      32 |       0 |   0.0 |      21 |       0 |   0.0
        D:2 |     118 |      76 |  39.2 |      17 |       4 |  19.0
        D:3 |      61 |       0 |   0.0 |      22 |       0 |   0.0
        D:4 |     115 |     125 |  52.1 |       8 |       1 |  11.1
            +---------+---------+-------+---------+---------+-------
